 Dungeon Crawl Stone Soup version 0.19-a0-1714-gcab94ab (webtiles) character file.

1298 st0uf the Skirmisher (level 8, -4/76 HPs)
             Began as a Naga Fighter on Sept 28, 2016.
             Slain by Menkaure (13 damage)
             ... on level 6 of the Dungeon.
             The game lasted 00:15:05 (3558 turns).

st0uf the Skirmisher (Naga Fighter)                 Turns: 3558, Time: 00:15:07

Health: -4/76      AC: 10    Str: 18    XL:     8   Next: 56%
Magic:  8/8        EV:  8    Int: 10    God:
Gold:   203        SH:  0    Dex: 12    Spells: 0 memorised, 7 levels left

rFire  . . .     SeeInvis +     a - +0 long sword
rCold  . . .     Gourm    .     b - +0 scale mail
rNeg   . . .     Faith    .     (no shield)
rPois  +         Spirit   .     o - +0 helmet
rElec  .         Dismiss  .     C - +0 cloak
rCorr  .         Reflect  .     (no gloves)
MR     +....     Harm     .     (no barding)
Stlth  ..........               (no amulet)
                                (no ring)
                                (no ring)

@: very slow
A: see invisible, deformed body, poison resistance, slowness 2, slow metabolism
1, spit poison 1, AC +2
a: Spit Poison


You were on level 6 of the Dungeon.
You were hungry.

You visited 1 branch of the dungeon, and saw 6 of its levels.

You collected 203 gold pieces.

Inventory:

Hand Weapons
 a - a +0 long sword (weapon)
Armour
 b - a +0 scale mail (worn)
 c - a +0 shield
 o - a +0 helmet (worn)
 C - a +0 cloak (worn)
Wands
 m - a wand of random effects (26/48)
Scrolls
 e - a scroll of fog {unknown}
 l - a scroll of enchant weapon {unknown}
 n - 3 scrolls of identify {unknown}
 p - a scroll of fear {unknown}
 s - a scroll of teleportation {unknown}
 u - a scroll of magic mapping {unknown}
 w - 3 scrolls of recharging {unknown}
 y - a scroll of blinking {unknown}
 A - a scroll of remove curse {unknown}
Potions
 d - 2 potions of might
 g - 4 potions of flight {unknown}
 j - a potion of heal wounds {unknown}
 k - a potion of cancellation {unknown}
 r - 2 potions of magic {unknown}
 v - 2 potions of curing {unknown}
 x - a potion of mutation {unknown}
 z - a potion of brilliance {unknown}
Books
 D - a book of the Tempests

   Spells                             Type                      Level
   a - Static Discharge               Conjuration/Air              3
   b - Lightning Bolt                 Conjuration/Air              5
   c - Fireball                       Conjuration/Fire             5
   d - Tornado                        Air                          9
   e - Shatter                        Earth                        9
Comestibles
 f - 4 bread rations
 h - a beef jerky
 i - a slice of pizza
 q - a meat ration
 t - 9 fruits


   Skills:
 * Level 6.1 Fighting
 * Level 5.6 Long Blades
 + Level 4.1 Armour
 + Level 2.8 Dodging
 + Level 3.9 Shields


You had 7 spell levels left.
You didn't know any spells.

Dungeon Overview and Level Annotations

Branches:
Dungeon (6/15)
 Temple: D:4-7

Altars:
Cheibriados
Xom

Annotations:
D:6 Menkaure


Innate Abilities, Weirdness & Mutations

You cannot wear boots.
Your serpentine skin is tough. (AC +2)
You have supernaturally acute eyesight. (SInv)
Armour fits poorly on your strangely shaped body.
Your system is resistant to poisons. (rPois)
You cover ground very slowly.
You have a slow metabolism.
You can spit poison.


Message History

You hit Menkaure.
Menkaure is moderately damaged.
Menkaure closely misses you.
You slash Menkaure!
Menkaure is heavily damaged.
Menkaure hits you!! Menkaure hits you!
You slash Menkaure!
Menkaure is almost destroyed.
Menkaure hits you.
You hit Menkaure.
Menkaure is almost destroyed.
Menkaure hits you!
* * * LOW HITPOINT WARNING * * *
You completely miss Menkaure.
Menkaure is almost destroyed.
Menkaure calls on the powers of darkness!
Your body is wracked with pain!
* * * LOW HITPOINT WARNING * * *
Menkaure hits you!
You die...

# ##....#.........#
#.#......##.....##
#####........##..##
#.#......####..##
###......# ##..##
##....## ##..##
##...## ##..##
####.....## ##..##
......M@..## #...##
......##...##
###....# ....#
###..####......#. #
... ##.............
## . ##............
.## #............
..# #............
..# #...######...
..# #.### ##.


You could see Menkaure.

Vanquished Creatures
  Sigmund (D:2)
  A phantom (D:4)
  A centaur (D:6)
  6 bullfrogs
  A scorpion (D:4)
  2 crimson imps
  2 hounds (D:4)
  Crazy Yiuf (D:4)
  2 jellies
  3 orc wizards (D:6)
  Jessica (D:2)
  An iguana (D:5)
  4 worker ants
  Ijyb (D:2)
  A hound skeleton (D:4)
  3 adders
  An adder zombie (D:6)
  12 orcs
  3 giant cockroaches
  4 goblins
  A hobgoblin (D:2)
  3 jackals (D:1)
  A kobold (D:1)
  3 bats
  A quokka zombie (D:5)
  2 rats
62 creatures vanquished.

Notes
Turn   | Place    | Note
-------+----------+-------------------------------------------
     0 | D:1      | st0uf the Naga Fighter began the quest for the Orb.
     0 | D:1      | Reached XP level 1. HP: 21/21 MP: 1/1
   253 | D:2      | Noticed Ijyb
   256 | D:2      | Reached XP level 2. HP: 25/28 MP: 2/2
   453 | D:2      | Killed Ijyb
   453 | D:2      | Reached XP level 3. HP: 34/34 MP: 3/3
   550 | D:2      | Noticed Jessica
   556 | D:2      | Killed Jessica
   556 | D:2      | Reached XP level 4. HP: 36/44 MP: 2/4
   583 | D:2      | Noticed Sigmund
   597 | D:2      | Killed Sigmund
   597 | D:2      | Reached skill level 4 in Fighting
   597 | D:2      | Reached skill level 1 in Dodging
   597 | D:2      | Reached XP level 5. HP: 22/51 MP: 5/5
   910 | D:5      | Entered Level 5 of the Dungeon
   965 | D:5      | Reached XP level 6. HP: 52/58 MP: 6/6
  1455 | D:4      | Found a shimmering altar of Xom.
  1585 | D:5      | Reached XP level 7. HP: 27/66 MP: 7/7
  1857 | D:5      | Found a snail-covered altar of Cheibriados.
  2026 | D:4      | Reached skill level 5 in Fighting
  2094 | D:4      | Found a runed door.
  2257 | D:4      | Noticed Crazy Yiuf
  2264 | D:4      | Killed Crazy Yiuf
  2489 | D:6      | Reached skill level 5 in Long Blades
  2533 | D:6      | Reached XP level 8. HP: 19/75 MP: 8/8
  2933 | D:6      | Reached skill level 6 in Fighting
  3549 | D:6      | Noticed Menkaure
  3558 | D:6      | Slain by Menkaure

Vault maps used:
D:1:      onia_arrival_mini_spirals
D:2:      grunt_temple_overflow_magic_moments, overflow_temple_1_default,
          grunt_ministairs_10, uniq_sigmund, uniq_jessica, uniq_iyjb
D:3:      zin_academy, gammafunk_temple_overflow_forgotten, lemuel_doored_altar
D:4:      xom_butterflies, first_bread, cheibrodos_gnoll_hut,
          uniq_crazy_yiuf_cottage
D:5:      cheibriados_altar_1
D:6:      uniq_menkaure

Skill      XL: |  1  2  3  4  5  6  7  8 |
---------------+-------------------------+-----
Fighting       | 4 5 6 |  6.1
Long Blades    | 3 4 5 |  5.6
Dodging        | 1 2 |  2.8
Shields        | 3 |  3.9
Armour         | 3 4 |  4.1

Action                   |  1- 3 |  4- 6 |  7- 9 || total
-------------------------+-------+-------+-------++-------
Melee: Long sword        |    43 |    98 |   167 ||   308
 Abil: Spit Poison       |    11 |    15 |    41 ||    67
  Eat: Chunk             |       |     2 |     8 ||    10
Armor: Scale mail        |    30 |    46 |   107 ||   183
Dodge: Dodged            |    25 |    46 |    80 ||   151
